PUB
OTTAWA KNIGHTS @ ATLANTIC CITY ACES
06/08/1972
 
TOP OF THE 1ST
Ottawa Knights batting - Pitching for Atlantic City Aces : RHP Ross Sweet
Pitching: RHP Ross Sweet
Batting: LHB Rod Carew 0-0: Fly out, F7 (Flyball, 7LSF, EV 85.0 MPH)
Batting: RHB Dave Bailey 0-0: Ground out 6-3 (Groundball, P, EV 90.6 MPH)
Batting: RHB Dick Allen 0-0: SINGLE (Line Drive, 56D, EV 108.8 MPH)
Batting: LHB Bill Mitchell 0-0: Called Strike
0-1: Ground out 4-3 (Groundball, 34, EV 82.5 MPH)
Top of the 1st over - 0 runs, 1 hit, 0 errors, 1 left on base; Ottawa 0 - Atlantic City 0
BOTTOM OF THE 1ST
Atlantic City Aces batting - Pitching for Ottawa Knights : RHP Horace Silva
Pitching: RHP Horace Silva
Batting: LHB Sonny Jackson 0-0: Foul Ball, location: 9LMF
0-1: Ball
1-1: Fly out, F8 (Flyball, 8LD, EV 103.8 MPH)
Batting: LHB Thurman Hoffman 0-0: SINGLE (Groundball, 34D, EV 105.0 MPH)
Batting: LHB Petter Bhatti 0-0: Ball
1-0: 2-RUN HOME RUN (Flyball, 9D, EV 98.8 MPH), Distance : 375 ft
Batting: SHB Chris Martin 0-0: Foul Ball, location: 25FF
0-1: Swinging Strike
0-2: Strikes out swinging
Batting: LHB Alfredo Gonzáles 0-0: Called Strike
0-1: Swinging Strike
0-2: Foul Ball, location: 9LMF
0-2: Strikes out swinging
Bottom of the 1st over - 2 runs, 2 hits, 0 errors, 0 left on base; Ottawa 0 - Atlantic City 2
TOP OF THE 2ND
Ottawa Knights batting - Pitching for Atlantic City Aces : RHP Ross Sweet
Batting: LHB Vicente Gutiérrez 0-0: Foul Ball, location: 2F
0-1: Swinging Strike
0-2: Hit by Pitch
Batting: LHB John Ford 0-0: SINGLE (Groundball, 34D, EV 110.6 MPH)
Vicente Gutiérrez to second
Runner from 2nd tries for 3rd, SAFE, throw by RF made to third
Batting: LHB Hayden Wells 0-0: Ball
1-0: Swinging Strike
1-1: Ball
2-1: Ball
3-1: Fly out, F9 (Flyball, 9S, EV 96.9 MPH)
Batting: RHB George Duncan 0-0: Called Strike
0-1: Fly out, F9 (Flyball, 9S, EV 85.6 MPH)
Batting: RHB Horace Silva 0-0: Ball
Pickoff Throw to First - Out! 1-3
Top of the 2nd over - 0 runs, 1 hit, 0 errors, 1 left on base; Ottawa 0 - Atlantic City 2
BOTTOM OF THE 2ND
Atlantic City Aces batting - Pitching for Ottawa Knights : RHP Horace Silva
Batting: RHB Carroll Hilliard 0-0: Ball
1-0: Ball
2-0: Ball
3-0: Called Strike
3-1: Foul Ball, location: 9LMF
3-2: Fly out, F8 (Line Drive, 8RD, EV 86.3 MPH)
Batting: RHB Jack Powers 0-0: Ball
1-0: Swinging Strike
1-1: Called Strike
1-2: DOUBLE (Flyball, 8RXD, EV 102.5 MPH)
Batting: RHB Cam Hicks 0-0: Ball
1-0: Ball
2-0: Called Strike
2-1: Ground out 6-3 (Groundball, 6, EV 104.4 MPH)
Batting: SHB Ross Sweet 0-0: Fly out, F3 (Popup, 3SF, EV 63.8 MPH)
Bottom of the 2nd over - 0 runs, 1 hit, 0 errors, 1 left on base; Ottawa 0 - Atlantic City 2
TOP OF THE 3RD
Ottawa Knights batting - Pitching for Atlantic City Aces : RHP Ross Sweet
Batting: RHB Horace Silva 0-0: Swinging Strike
0-1: Ball
1-1: Foul Ball, location: 7LMFF
1-2: Strikes out swinging
Batting: LHB Rod Carew 0-0: Called Strike
0-1: Ball
1-1: Ball
2-1: Ground out 5-3 (Groundball, 5, EV 83.8 MPH)
Batting: RHB Dave Bailey 0-0: Called Strike
0-1: Ball
1-1: Ball
2-1: Called Strike
2-2: Foul Ball, location: 2F
2-2: Reached on error, E5 (Groundball, 56S, EV 70.6 MPH)
Batting: RHB Dick Allen 0-0: Fly out, F7 (Flyball, 7LS, EV 83.1 MPH)
Top of the 3rd over - 0 runs, 0 hits, 1 error, 1 left on base; Ottawa 0 - Atlantic City 2
BOTTOM OF THE 3RD
Atlantic City Aces batting - Pitching for Ottawa Knights : RHP Horace Silva
Batting: LHB Sonny Jackson 0-0: Foul Ball, location: 2F
0-1: Ball
1-1: Called Strike
1-2: Ball
2-2: Foul Ball, location: 2F
2-2: Ground out 1-3 (Groundball, 13S, EV 68.8 MPH)
Batting: LHB Thurman Hoffman 0-0: Called Strike
0-1: Ball
1-1: Ball
2-1: Swinging Strike
2-2: Ball
3-2: Strikes out swinging
Batting: LHB Petter Bhatti 0-0: SINGLE (Line Drive, 6MD, EV 95.0 MPH)
Batting: SHB Chris Martin 0-0: Foul Ball, location: 7LMF
0-1: Ball
1-1: Foul Ball, location: 25F
1-2: Ball
2-2: Ball
3-2: Base on Balls
Petter Bhatti to second
Batting: LHB Alfredo Gonzáles 0-0: Ball
1-0: Foul Ball, location: 5SF
1-1: Ground out 1-3 (Groundball, 15S, EV 64.4 MPH)
Bottom of the 3rd over - 0 runs, 1 hit, 0 errors, 2 left on base; Ottawa 0 - Atlantic City 2
TOP OF THE 4TH
Ottawa Knights batting - Pitching for Atlantic City Aces : RHP Ross Sweet
Batting: LHB Bill Mitchell 0-0: Called Strike
0-1: Ball
1-1: Swinging Strike
1-2: DOUBLE (Flyball, 78D, EV 103.8 MPH)
Batting: LHB Vicente Gutiérrez 0-0: Foul Ball, location: 5SF
0-1: SINGLE (Line Drive, 34, EV 95.0 MPH)
Bill Mitchell to third
Batting: LHB John Ford 0-0: Fielders Choice at 2nd, 5-4 (Groundball, 6, EV 101.3 MPH)
Bill Mitchell scores
Batting: LHB Hayden Wells 0-0: Called Strike
0-1: Ball
1-1: Grounds into double play, 4-6-3 (Groundball, 4, EV 78.1 MPH)
Top of the 4th over - 1 run, 2 hits, 0 errors, 0 left on base; Ottawa 1 - Atlantic City 2
BOTTOM OF THE 4TH
Atlantic City Aces batting - Pitching for Ottawa Knights : RHP Horace Silva
Batting: RHB Carroll Hilliard 0-0: Ball
1-0: Foul Ball, location: 2F
1-1: Swinging Strike
1-2: Ball
2-2: Hit by Pitch
Batting: RHB Jack Powers 0-0: Called Strike
0-1: Foul Ball, location: 2F
0-2: Ball
1-2: Ball
2-2: Foul Ball, location: 9LDF
2-2: Strikes out looking
Batting: RHB Cam Hicks 0-0: Foul Ball, location: 23F
0-1: Ball
1-1: Foul Ball, location: 9LDF
1-2: Strikes out swinging
Batting: SHB Ross Sweet 0-0: Ball
1-0: Swinging Strike
1-1: Swinging Strike
1-2: Strikes out swinging
Bottom of the 4th over - 0 runs, 0 hits, 0 errors, 1 left on base; Ottawa 1 - Atlantic City 2
TOP OF THE 5TH
Ottawa Knights batting - Pitching for Atlantic City Aces : RHP Ross Sweet
Batting: RHB George Duncan 0-0: Ball
1-0: Ball
2-0: Called Strike
2-1: Swinging Strike
2-2: Fly out, F3 (Popup, 3S, EV 72.5 MPH)
Batting: RHB Horace Silva 0-0: Called Strike
0-1: Ball
1-1: Ball
2-1: Swinging Strike
2-2: Strikes out swinging, 2-3 out at first.
Batting: LHB Rod Carew 0-0: Ball
1-0: Ball
2-0: Called Strike
2-1: Foul Ball, location: 9LDF
2-2: Ball
3-2: Foul Ball, location: 2F
3-2: SINGLE (Line Drive, 4MD, EV 106.3 MPH)
Batting: RHB Dave Bailey 0-0: Ball
1-0: SINGLE (Line Drive, 8LS, EV 88.8 MPH)
Rod Carew to second
Runner from 2nd tries for 3rd, SAFE, throw by CF made to third
Batting: RHB Dick Allen 0-0: Ball
1-0: Swinging Strike
1-1: Swinging Strike
1-2: Strikes out swinging
Top of the 5th over - 0 runs, 2 hits, 0 errors, 2 left on base; Ottawa 1 - Atlantic City 2
BOTTOM OF THE 5TH
Atlantic City Aces batting - Pitching for Ottawa Knights : RHP Horace Silva
Batting: LHB Sonny Jackson 0-0: Reached on error, E5 (Groundball, 56, EV 90.6 MPH)
Batting: LHB Thurman Hoffman 0-0: Ball
1-0: Ball
2-0: Foul Ball, location: 7LDF
2-1: Foul Ball, location: 2F
2-2: Foul Ball, location: 2F
2-2: Ball
3-2: Foul Ball, location: 2F
3-2: Fly out, F6 (Popup, 6MD, EV 71.9 MPH)
Batting: LHB Petter Bhatti 0-0: Ball
1-0: Swinging Strike
Balk!
Sonny Jackson to second
1-1: Ground out 4-3 (Groundball, 4, EV 73.1 MPH)
Sonny Jackson to third
Batting: SHB Chris Martin 0-0: Ball
1-0: Called Strike
1-1: Ball
2-1: Ball
Wild Pitch!
Sonny Jackson scores
3-1: Reached on error, E5 (Groundball, 56, EV 106.3 MPH)
Batting: LHB Alfredo Gonzáles 0-0: Called Strike
0-1: Ball
1-1: Swinging Strike
1-2: Foul Ball, location: 2F
1-2: Foul Ball, location: 2F
1-2: Strikes out swinging
Bottom of the 5th over - 1 run, 0 hits, 2 errors, 1 left on base; Ottawa 1 - Atlantic City 3
TOP OF THE 6TH
Ottawa Knights batting - Pitching for Atlantic City Aces : RHP Ross Sweet
Batting: LHB Bill Mitchell 0-0: SINGLE (Flyball, 8RS, EV 93.1 MPH)
Batting: LHB Vicente Gutiérrez 0-0: Swinging Strike
0-1: Swinging Strike
0-2: Ball
1-2: Ball
2-2: Foul Ball, location: 5F
2-2: Grounds into double play, 1-6-3 (Groundball, P, EV 71.3 MPH)
Batting: LHB John Ford 0-0: Fly out, F6 (Popup, 4MD, EV 52.5 MPH)
Top of the 6th over - 0 runs, 1 hit, 0 errors, 0 left on base; Ottawa 1 - Atlantic City 3
BOTTOM OF THE 6TH
Atlantic City Aces batting - Pitching for Ottawa Knights : RHP Horace Silva
Batting: RHB Carroll Hilliard 0-0: Called Strike
0-1: Called Strike
0-2: Strikes out looking
Batting: RHB Jack Powers 0-0: Called Strike
0-1: Called Strike
0-2: Strikes out swinging
Batting: RHB Cam Hicks 0-0: Called Strike
0-1: Ground out 3-1 (Groundball, 34S, EV 85.6 MPH)
Bottom of the 6th over - 0 runs, 0 hits, 0 errors, 0 left on base; Ottawa 1 - Atlantic City 3
TOP OF THE 7TH
Ottawa Knights batting - Pitching for Atlantic City Aces : RHP Ross Sweet
Batting: LHB Hayden Wells 0-0: Called Strike
0-1: Swinging Strike
0-2: Hit by Pitch
Pinch Hitting: RHB Gerald Talkington 0-0: Called Strike
Hayden Wells steals 2nd base (no throw)
0-1: Called Strike
0-2: Ball
1-2: Strikes out swinging
Batting: RHB Horace Silva 0-0: Swinging Strike
0-1: Swinging Strike
0-2: Strikes out swinging
Batting: LHB Rod Carew 0-0: Foul Ball, location: 7LSF
0-1: Ball
1-1: Called Strike
1-2: SINGLE (Line Drive, 7S, EV 95.0 MPH)
Hayden Wells to third
Runner from 3rd tries for Home, SAFE, throw by LF to home
Batting: RHB Dave Bailey 0-0: Ball
1-0: Foul Ball, location: 9LDF
1-1: Fly out, F7 (Flyball, 7, EV 91.9 MPH)
Top of the 7th over - 1 run, 1 hit, 0 errors, 1 left on base; Ottawa 2 - Atlantic City 3
BOTTOM OF THE 7TH
Atlantic City Aces batting - Pitching for Ottawa Knights : RHP Horace Silva
Now at 3B: Gerald Talkington
Now at SS: Dave Bailey
Pinch Hitting: RHB Roy Foster 0-0: Swinging Strike
0-1: Swinging Strike
0-2: Strikes out looking
Batting: LHB Sonny Jackson 0-0: Called Strike
0-1: Swinging Strike
0-2: Ball
1-2: Ground out U3 (Groundball, 34S, EV 84.4 MPH)
Batting: LHB Thurman Hoffman 0-0: Ball
1-0: Ball
2-0: Fly out, F7 (Flyball, 7LS, EV 78.8 MPH)
Bottom of the 7th over - 0 runs, 0 hits, 0 errors, 0 left on base; Ottawa 2 - Atlantic City 3
TOP OF THE 8TH
Ottawa Knights batting - Pitching for Atlantic City Aces : RHP Ross Sweet
Pitching: RHP J.R. Richard
Batting: RHB Dick Allen 0-0: Ball
1-0: Ball
2-0: Ball
3-0: Base on Balls
Batting: LHB Bill Mitchell 0-0: Ball
1-0: Ball
2-0: Foul Ball, location: 3F
2-1: Ball
3-1: Swinging Strike
3-2: Foul Ball, location: 2F
3-2: Strikes out swinging
Batting: LHB Vicente Gutiérrez 0-0: Called Strike
0-1: Ball
1-1: Foul Ball, location: 2F
1-2: DOUBLE (Line Drive, 89M, EV 96.3 MPH)
Dick Allen to third
Batting: LHB John Ford 0-0: Swinging Strike
Passed Ball!
Dick Allen scores
Vicente Gutiérrez to third
0-1: Ball
1-1: Swinging Strike
1-2: Strikes out swinging
Batting: LHB Hayden Wells 0-0: Ground out 4-3 (Groundball, 34, EV 81.9 MPH)
Top of the 8th over - 1 run, 1 hit, 0 errors, 1 left on base; Ottawa 3 - Atlantic City 3
BOTTOM OF THE 8TH
Atlantic City Aces batting - Pitching for Ottawa Knights : RHP Horace Silva
Batting: LHB Petter Bhatti 0-0: Ball
1-0: Called Strike
1-1: DOUBLE (Line Drive, 78M, EV 108.1 MPH)
Batting: SHB Chris Martin 0-0: Intentional Walk
Pitching: RHP Kyle Yeo
Now at C: Duncan Soukup
Batting: LHB Alfredo Gonzáles 0-0: Ball
1-0: Fly out, F7 (Line Drive, 7, EV 100.0 MPH)
Batting: RHB Carroll Hilliard 0-0: Swinging Strike
0-1: Foul Ball, location: 9LSF
0-2: Foul Ball, location: 2F
0-2: Strikes out swinging
Pinch Hitting: LHB Dustin Little 0-0: Ball
1-0: Ball
2-0: Called Strike
2-1: Called Strike
2-2: Strikes out swinging
Bottom of the 8th over - 0 runs, 1 hit, 0 errors, 2 left on base; Ottawa 3 - Atlantic City 3
TOP OF THE 9TH
Ottawa Knights batting - Pitching for Atlantic City Aces : RHP J.R. Richard
Now in CF: Larry Hisle
Batting: RHB Gerald Talkington 0-0: Ball
1-0: Called Strike
1-1: Ball
2-1: Ball
3-1: Called Strike
3-2: Fly out, F8 (Flyball, 8LS, EV 77.5 MPH)
Batting: RHB Duncan Soukup 0-0: Ground out 3-1 (Groundball, 34S, EV 78.1 MPH)
Batting: LHB Rod Carew 0-0: Foul Ball, location: 5SF
0-1: Ball
1-1: Swinging Strike
1-2: Ball
2-2: Ball
3-2: Strikes out looking
Top of the 9th over - 0 runs, 0 hits, 0 errors, 0 left on base; Ottawa 3 - Atlantic City 3
BOTTOM OF THE 9TH
Atlantic City Aces batting - Pitching for Ottawa Knights : RHP Kyle Yeo
Batting: RHB Cam Hicks 0-0: Called Strike
0-1: Ball
1-1: Called Strike
1-2: Foul Ball, location: 5DF
1-2: Foul Ball, location: 2F
1-2: Ball
2-2: Fly out, F8 (Flyball, 8LM, EV 79.4 MPH)
Pinch Hitting: SHB Munoto Jouda 0-0: Ball
1-0: Ball
2-0: Ball
3-0: Base on Balls
Batting: LHB Sonny Jackson 0-0: Sac Bunt to 2L - play at first, batter OUT! 2-3
Munoto Jouda to second
Batting: LHB Thurman Hoffman 0-0: Ball
1-0: Ball
2-0: DOUBLE (Groundball, 3L, EV 106.9 MPH)
Munoto Jouda scores
Bottom of the 9th over - 1 run, 1 hit, 0 errors, 1 left on base; Ottawa 3 - Atlantic City 4
Monday, March 25th , 2024 - OOTP Baseball 24.8 Build 75